 Dungeon Crawl Stone Soup version 0.26.1-10-gdfb7c7de75 (webtiles) character file.

Game seed: 4022459950004134084

20019 Almogavar the Severer (level 12, -3/106 HPs)
             Began as a Hill Orc Fighter on Apr 8, 2021.
             Was an Elder of Makhleb.
             Slain by a seven-headed hydra (6 damage)
             ... while petrified by a basilisk
             ... on level 4 of the Lair of Beasts.
             The game lasted 00:33:17 (12936 turns).

Almogavar the Severer (Hill Orc Fighter)           Turns: 12936, Time: 00:33:17

Health: -3/106     AC: 20    Str: 31    XL:     12   Next: 75%
Magic:  13/13      EV:  2    Int: 18    God:    Makhleb [****..]
Gold:   470        SH:  0    Dex: 10    Spells: 13/13 levels left

rFire    . . .     SeeInvis +   s - +4 mace of Somewhere Else {vorpal, *Contam rPois Str+7}
rCold    . . .     Faith    .   G - +3 tower shield "Teuninkamme" {rPois Int+4}
rNeg     + + +     Spirit   .   v - +4 chain mail of Dishonour {rPois Int+6}
rPois    ∞         Reflect  .   J - +0 helmet
rElec    .         Harm     .   o - +0 cloak
rCorr    .         Rampage  .   B - +0 pair of gloves
Will     .....                  t - +0 pair of boots
Stlth    ..........             (no amulet)
HPRegen  0.27/turn              a - ring of poison resistance
MPRegen  0.13/turn              K - ring of see invisible

@: petrified
A: no striking features
a: Renounce Religion, Minor Destruction, Lesser Servant of Makhleb, Major
Destruction


You were on level 4 of the Lair of Beasts.
You worshipped Makhleb.
Makhleb was greatly pleased with you.
You visited 3 branches of the dungeon, and saw 14 of its levels.

You collected 604 gold pieces.
You spent 134 gold pieces at shops.

Inventory:

Hand Weapons
 m - a +0 hunting sling
 s - the +4 mace of Somewhere Else (weapon) {vorpal, *Contam rPois Str+7}
   (You found it on level 6 of the Dungeon)

   It inflicts extra damage upon your enemies.
   It affects your strength (+7).
   It protects you from poison.
   It causes magical contamination when unequipped.
 H - a +4 war axe
Missiles
 f - 118 sling bullets
 g - 398 stones (quivered)
Armour
 o - a +0 cloak (worn)
 r - a +0 buckler of positive energy
 t - a +0 pair of boots (worn)
 v - the +4 chain mail of Dishonour (worn) {rPois Int+6}
   (You found it on level 4 of the Dungeon)

   It affects your intelligence (+6).
   It protects you from poison.
 B - a +0 pair of gloves (worn)
 G - the +3 tower shield "Teuninkamme" (worn) {rPois Int+4}
   (You found it on level 7 of the Dungeon)

   It affects your intelligence (+4).
   It protects you from poison.
 J - a +0 helmet (worn)
Jewellery
 a - a ring of poison resistance (left hand)
 K - a ring of see invisible (right hand)
Wands
 w - a wand of paralysis (9)
 E - a wand of disintegration (3)
 L - a wand of flame (12)
Scrolls
 i - a scroll of blinking
 j - 7 scrolls of enchant weapon
 l - 2 scrolls of fog
 n - 8 scrolls of teleportation
 q - 9 scrolls of remove curse
 x - a scroll of magic mapping
 y - a scroll of enchant armour
 C - a scroll of fear {unknown}
 M - a scroll of acquirement {unknown}
Potions
 b - a potion of invisibility
 d - 2 potions of might
 p - 2 potions of heal wounds
 u - 4 potions of mutation {unknown}
 z - 7 potions of curing
 D - a potion of resistance
 F - a potion of berserk rage
 I - a potion of haste {unknown}
Miscellaneous
 c - a lightning rod (4/4)


   Skills:
 + Level 10.2 Fighting
 + Level 15.2(15.3) Axes
 + Level 2.6(9.1) Maces & Flails
 + Level 2.2 Slings
 + Level 9.0 Armour
 + Level 3.5 Dodging
 - Level 1.1 Stealth
 + Level 10.5 Shields
 + Level 2.0 Unarmed Combat
 + Level 1.3 Spellcasting
 + Level 1.8 Conjurations
 + Level 3.2 Fire Magic
 + Level 2.5 Invocations
 + Level 1.8 Evocations


You had 13 spell levels left.
You didn't know any spells.
Your spell library contained the following spells:

 Spells                   Type           Power        Failure   Level
 Magic Dart               Conj           28%          93%         1
 Conjure Flame            Conj/Fire      10%          99%         3
 Blink                    Tloc           N/A          100%        2
 Call Imp                 Summ           1%           100%        2
 Slow                     Hex            1%           100%        2
 Mephitic Cloud           Conj/Pois/Air  3%           100%        3
 Ice Form                 Ice/Tmut       1%           100%        4
 Metabolic Englaciation   Hex/Ice        0%           100%        5
 Freezing Cloud           Conj/Ice/Air   1%           100%        6
 Ozocubu's Refrigeration  Ice            0%           100%        6
 Simulacrum               Ice/Necr       0%           100%        6


Dungeon Overview and Level Annotations

Branches:
Dungeon (10/15)            Temple (1/1) D:4            Lair (2/6) D:10
  Swamp (0/4) Lair:2          Orc (0/2) D:9
  Snake: Lair:2-4    Spider: Lair:2-4

Altars:
Ashenzari
Cheibriados
Dithmenos
Elyvilon
Fedhas
Gozag
Hepliaklqana
Kikubaaqudgha
Makhleb
Nemelex Xobeh
Okawaru
Qazlal
Ru
Sif Muna
Trog
Uskayaw
Vehumet
Wu Jian
Xom
Yredelemnul
Zin
The Shining One

Shops:
D:4 ?   D:7 !

Annotations:
Lair:2 exclusion: 2 oklob plants


Message History

The seven-headed hydra bites you but does no damage.
The seven-headed hydra bites you.
* * * LOW HITPOINT WARNING * * *
The seven-headed hydra bites you but does no damage.
The basilisk bites you!
* * * LOW HITPOINT WARNING * * *
The seven-headed hydra bites you but does no damage.
The seven-headed hydra bites you.
* * * LOW HITPOINT WARNING * * *
The seven-headed hydra bites you but does no damage.
The seven-headed hydra bites you.
* * * LOW HITPOINT WARNING * * *
The seven-headed hydra bites you but does no damage. x3
The basilisk bites you but does no damage.
The seven-headed hydra completely misses you.
The seven-headed hydra bites you.
* * * LOW HITPOINT WARNING * * *
The seven-headed hydra bites you but does no damage. x2
The seven-headed hydra bites you!
You die...

....... .......
....... .......
....... .......
.......####
.....((...##
.........D@####
....P....l....##
...##..........###
.. ###..........##
l #######.....##
##.....## #......#
###...## #..##


You could see a seven-headed hydra and a basilisk.

Vanquished Creatures
  A catoblepas (Lair:2)
  A centaur warrior (D:9)
  Psyche (D:8)
  A black mamba (Lair:2)
  A cane toad (Lair:1)
  A gargoyle (D:10)
  4 komodo dragons
  2 polar bears
  A hornet (D:10)
  A tyrant leech (Lair:2)
  A wyvern (D:8)
  15 yaks
  Eustachio (D:4)
  Grum (D:8)
  A basilisk (Lair:2)
  4 water moccasins
  2 orc warriors
  3 sky beasts
  3 black bears
  2 ice beasts
  A necrophage (D:7)
  2 phantoms (D:6)
  2 wolves (D:8)
  9 ogres
  2 centaurs (D:7)
  A big kobold (D:9)
  A gnoll sergeant (D:9)
  11 bullfrogs
  A water moccasin skeleton (D:10)
  3 scorpions
  4 wights (D:8)
  18 killer bees
  9 howler monkeys
  3 electric eels (Lair:1)
  4 centaur zombies
  5 hounds
  A bullfrog skeleton (D:8)
  2 orc priests (D:8)
  4 jellies
  13 orc wizards
  2 iguanas
  Natasha (thrice) (D:4)
  12 worker ants
  3 hound skeletons
  8 gnolls
  A howler monkey skeleton (D:4)
  6 adders
  A worker ant zombie (D:10)
  5 ufetubi
  An ooze (D:2)
  2 adder skeletons
  A worm (D:2)
  7 dart slugs
  2 leopard geckos
  36 orcs
  A ball python (D:6)
  8 giant cockroaches
  15 goblins
  6 hobgoblins
  7 jackals
  16 kobolds
  4 quokkas
  4 bats
  7 frilled lizards
  A jackal zombie (D:8)
  A leopard gecko skeleton (D:8)
  2 quokka skeletons (D:8)
  A quokka zombie (D:5)
  7 rats
313 creatures vanquished.

Vanquished Creatures (collateral kills)
  A killer bee (D:10)
  An iguana (D:10)
2 creatures vanquished.

Vanquished Creatures (others)
  A bush (Lair:1)
  10 fungi
  93 plants
104 creatures vanquished.

Grand Total: 419 creatures vanquished

Notes
Turn   | Place    | Note
-------+----------+-------------------------------------------
     0 | D:1      | Almogavar the Hill Orc Fighter began the quest for the Orb.
     0 | D:1      | Reached XP level 1. HP: 19/19 MP: 1/1
   103 | D:1      | Reached skill level 3 in Axes
   103 | D:1      | Reached XP level 2. HP: 20/27 MP: 2/2
   374 | D:1      | Reached XP level 3. HP: 33/33 MP: 3/3
  1084 | D:2      | Reached XP level 4. HP: 40/40 MP: 4/4
  1106 | D:2      | Found a blossoming altar of Fedhas.
  1398 | D:2      | Reached skill level 4 in Axes
  2048 | D:3      | Reached XP level 5. HP: 30/46 MP: 5/5
  2355 | D:3      | Found a basalt altar of Yredelemnul.
  2358 | D:3      | Found a glowing silver altar of Zin.
  2358 | D:3      | Found a shimmering altar of Xom.
  2360 | D:3      | Found an iron altar of Okawaru.
  2360 | D:3      | Found a shimmering blue altar of Sif Muna.
  2360 | D:3      | Found a shimmering altar of Xom.
  2613 | D:4      | Reached skill level 5 in Axes
  3024 | D:4      | Noticed Natasha
  3035 | D:4      | Killed Natasha
  3036 | D:4      | Reached XP level 6. HP: 50/53 MP: 6/6
  3331 | D:4      | Noticed Natasha
  3336 | D:4      | Killed Natasha
  3337 | D:4      | Reached skill level 6 in Axes
  3351 | D:4      | Noticed Natasha
  3360 | D:4      | Killed Natasha
  3479 | D:4      | Reached skill level 1 in Dodging
  3479 | D:4      | Reached skill level 1 in Stealth
  3479 | D:4      | Reached XP level 7. HP: 60/60 MP: 7/7
  3579 | D:4      | Found a staircase to the Ecumenical Temple.
  3585 | Temple   | Entered the Ecumenical Temple
  3796 | Temple   | Became a worshipper of Makhleb the Destroyer
  3859 | D:4      | Noticed Eustachio
  3898 | D:4      | Killed Eustachio
  3899 | D:4      | Reached skill level 5 in Fighting
  3899 | D:4      | Reached skill level 7 in Axes
  4067 | D:4      | Reached skill level 8 in Axes
  4067 | D:4      | Reached skill level 5 in Armour
  4067 | D:4      | Reached skill level 5 in Shields
  4155 | D:4      | Reached XP level 8. HP: 68/68 MP: 8/8
  4171 | D:4      | Got a polished chain mail
  4182 | D:4      | Identified the +4 chain mail of Dishonour {rPois Int+6}
                  | (You found it on level 4 of the Dungeon)
  4312 | D:4      | Found Wyob's Magic Scroll Shop.
  4320 | D:4      | Bought a scroll of magic mapping for 38 gold pieces
  4352 | D:5      | Entered Level 5 of the Dungeon
  4885 | D:5      | Found a bloodstained altar of Trog.
  5201 | D:6      | Got a slimy mace
  5242 | D:6      | Reached skill level 9 in Axes
  5483 | D:6      | Found a bloodstained altar of Trog.
  5592 | D:6      | Reached XP level 9. HP: 71/78 MP: 9/9
  5596 | D:6      | Reached * piety under Makhleb
  5626 | D:6      | Reached skill level 10 in Axes
  5827 | D:6      | Found an iron altar of Okawaru.
  6177 | D:6      | Found a shimmering blue altar of Sif Muna.
  6295 | D:7      | Found a hazy altar of Hepliaklqana.
  6485 | D:7      | Reached skill level 1 in Slings
  6534 | D:7      | Found Ruavit's Distillery.
  6543 | D:7      | Bought a potion of berserk rage for 60 gold pieces
  6543 | D:7      | Bought a potion of curing for 36 gold pieces
  6566 | D:7      | Reached skill level 11 in Axes
  6825 | D:7      | Got a bloodstained tower shield
  6836 | D:7      | Identified the +3 tower shield "Teuninkamme" {rPois Int+4}
                  | (You found it on level 7 of the Dungeon)
  7479 | D:8      | Noticed Psyche
  7496 | D:8      | Killed Psyche
  7497 | D:8      | Reached XP level 10. HP: 80/86 MP: 10/10
  7747 | D:8      | Found a shadowy altar of Dithmenos.
  7753 | D:8      | Reached ** piety under Makhleb
  7770 | D:8      | Identified the +4 mace of Somewhere Else {vorpal, *Contam
                  | rPois Str+7} (You found it on level 6 of the Dungeon)
  7852 | D:8      | Noticed Grum
  7862 | D:8      | Killed Grum
  7863 | D:8      | Reached skill level 12 in Axes
  8634 | D:8      | Reached *** piety under Makhleb
  9090 | D:9      | Found an ancient bone altar of Kikubaaqudgha.
  9245 | D:9      | Reached skill level 13 in Axes
  9254 | D:9      | Noticed a centaur warrior
  9267 | D:9      | Killed a centaur warrior
  9282 | D:9      | Reached skill level 1 in Spellcasting
  9282 | D:9      | Reached skill level 1 in Conjurations
  9282 | D:9      | Reached skill level 1 in Evocations
  9282 | D:9      | Reached XP level 11. HP: 97/97 MP: 10/12
  9340 | D:9      | Found a staircase to the Orcish Mines.
  9390 | D:9      | Reached **** piety under Makhleb
  9888 | D:10     | Entered Level 10 of the Dungeon
 10067 | D:10     | Reached XP level 12. HP: 72/104 MP: 13/13
 10075 | D:10     | Reached skill level 14 in Axes
 10379 | D:10     | Found a staircase to the Lair.
 11078 | Lair:1   | Entered Level 1 of the Lair of Beasts
 11268 | Lair:1   | Reached skill level 10 in Shields
 12065 | Lair:1   | Reached skill level 10 in Fighting
 12496 | Lair:2   | Reached skill level 15 in Axes
 12582 | Lair:2   | Noticed a catoblepas
 12606 | Lair:2   | Killed a catoblepas
 12752 | Lair:2   | Found a staircase to the Swamp.
 12899 | Lair:2   | You fall into a shaft and drop 2 floors!
 12913 | Lair:4   | Noticed a seven-headed hydra
 12935 | Lair:4   | HP: 4/106 [seven-headed hydra (3)]
 12936 | Lair:4   | Slain by a seven-headed hydra

Illustrated notes

Levels and vault maps discovered:
D:1:      lightli_arrival_lavapool, layout_basic, minmay_misc_feat_columns
D:2:      layout_basic, chequers_serial_rivers_micro_e, fedhas_altar_fruit_tree
D:3:      layout_rooms, doesnt_xom_only_xom, serial_forest,
          infiniplex_forest_clump_small, infiniplex_forest_clump_curved,
          infiniplex_forest_lined_1, infiniplex_forest_zigzag_2,
          infiniplex_forest_clump_medium, infiniplex_forest_clump_cross,
          infiniplex_forest_clump_long, infiniplex_forest_clump_C,
          infiniplex_forest_lined_3_way, infiniplex_forest_lined_3,
          due_unseen_surprise
D:4:      minmay_razor_zed, layout_gridville, minmay_temple_entry_hall,
          serial_shops, nicolae_shop_window_shopping, uniq_eustachio,
          uniq_natasha
D:5:      layout_basic, trog_book
D:6:      layout_loops_ring, lemuel_coloured_pillars_altar,
          lemuel_crystal_altar, lemuel_blue_sif_altar,
          kennysheep_generic_room_15
D:7:      layout_basic, old_standard_altar, serial_shops, nicolae_shop_stone
D:8:      cheibrodos_barr_body, layout_basic, nicolae_dithmenos_shadow_blocks,
          uniq_grum, uniq_psyche
D:9:      layout_cave_pools, orc_0_dummy, basic_altar, billiards_dpeg
D:10:     layout_long_grid, david_lair_shrubbed
Temple:   eino_temple_scatter_basement
Lair:1:   layout_long_grid, serial_bayou, serial_bayou_pond_e,
          serial_bayou_lagoon_a, serial_bayou_pond_a, serial_bayou_lake_a,
          serial_bayou_crossing, serial_bayou_pond_e, serial_bayou_shore_b
Lair:2:   layout_roguey, minmay_swamp_entry_worms, minmay_lair_oklob_chamber
Lair:4:   layout_misc_corridors, st_stairs_5, infiniplex_staircase_pool

Skill      XL: |  1  2  3  4  5  6  7  8  9 10 11 12 |
---------------+-------------------------------------+-----
Axes           | 3 4 5 6 8 9 11 13 15 | 15.2
Fighting       | 4 5 6 7 9 10 | 10.2
Armour         | 4 5 6 8 9 |  9.0
Shields        | 4 5 6 7 9 10 | 10.5
Dodging        | 1 2 3 |  3.5
Stealth        | 1 |  1.1
Slings         | 1 2 |  2.2
Maces & Flails | 2 |  2.6
Unarmed Combat | 2 |  2.0
Spellcasting   | 1 |  1.3
Conjurations   | 1 |  1.8
Fire Magic     | 3 |  3.2
Invocations    | 2 |  2.5
Evocations     | 1 |  1.8

Action                   |  1- 3 |  4- 6 |  7- 9 | 10-12 || total
-------------------------+-------+-------+-------+-------++-------
Melee: War axe           |   111 |   166 |   343 |   546 ||  1166
       Mace              |       |       |       |     1 ||     1
 Fire: Hunting sling     |       |     3 |     5 |     8 ||    16
Invok: Lesser Servant of |       |       |       |     2 ||     2
  Use: Scroll            |       |     7 |     5 |     8 ||    20
       Potion            |       |       |       |     2 ||     2
 Stab: Petrified         |       |       |       |     2 ||     2
Armor: Scale mail        |    73 |    64 |       |       ||   137
       Chain mail        |       |    22 |   183 |   241 ||   446
Dodge: Dodged            |    54 |    53 |    88 |    70 ||   265
Block: Kite shield       |    79 |    86 |   176 |       ||   341
       Tower shield      |       |       |    29 |   475 ||   504
